 Dungeon Crawl Stone Soup version 0.25-a0-785-gb22c70e859 (webtiles) character file.

Game seed: 1126603724657304582, levelgen mode: deterministic

158 mortelune the Bolt Thrower (level 5, -1/32 HPs)
             Began as a Kobold Hunter on Apr 17, 2020.
             Slain by an ice beast (12 damage)
             ... on level 5 of the Dungeon.
             The game lasted 00:03:20 (1950 turns).

mortelune the Bolt Thrower (Kobold Hunter)          Turns: 1950, Time: 00:03:21

Health: -1/32      AC:  3    Str: 11    XL:     5   Next: 67%
Magic:  5/5        EV: 15    Int: 12    God:
Gold:   130        SH:  0    Dex: 15    Spells: 4/4 levels left

rFire    . . .     SeeInvis .   b - +0 short sword
rCold    . . .     Gourm    .   (shield restricted)
rNeg     . . .     Faith    .   c - +0 leather armour
rPois    .         Spirit   .   (no helmet)
rElec    .         Reflect  .   (no cloak)
rCorr    .         Harm     .   (no gloves)
MR       .....                  (no boots)
Stlth    ++........             (no amulet)
HPRegen  0.10/turn              (no ring)
MPRegen  0.09/turn              (no ring)

@: no status effects
A: small, carnivore
a: no special abilities


You were on level 5 of the Dungeon.
You were full.

You visited 1 branch of the dungeon, and saw 4 of its levels.

You collected 130 gold pieces.

Inventory:

Hand Weapons
 a - a +1 hand crossbow
 b - a +0 short sword (weapon)
Missiles
 d - 46 bolts
Armour
 c - a +0 leather armour (worn)
 j - a +0 crystal plate armour
Wands
 l - a wand of disintegration (16)
Scrolls
 e - a scroll of enchant armour {unknown}
 g - a scroll of noise {unknown}
 i - 2 scrolls of identify {unknown}
 k - 2 scrolls of teleportation {unknown}
 n - a scroll of magic mapping {unknown}
 o - a scroll of immolation {unknown}
Potions
 h - a potion of curing
 m - a potion of degeneration {unknown}
Comestibles
 f - 4 rations


   Skills:
 + Level 3.3 Fighting
 * Level 6.2 Crossbows
 + Level 3.5 Dodging
 - Level 1.3 Stealth
 + Level 1.9 Unarmed Combat


You had 4 spell levels left.
You didn't know any spells.
Your spell library was empty.

Dungeon Overview and Level Annotations

Branches:
Dungeon (3/15)

Altars:


Innate Abilities, Weirdness & Mutations

You are small and have problems with some larger weapons.
You are carnivorous and can eat meat at any time.


Message History

You are too injured to fight recklessly!
b - a +0 short sword (weapon)
It was a potion of curing.
You feel better. The ice beast barely misses you.
You hit the ice beast.
The ice beast is moderately wounded.
The ice beast misses you.
The ice beast hits you but does no damage.
You hit the ice beast.
The ice beast is heavily wounded.
The ice beast barely misses you.
You barely miss the ice beast.
The ice beast is heavily wounded.
The ice beast completely misses you.
You barely miss the ice beast.
The ice beast is heavily wounded.
The ice beast hits you. The ice beast freezes you!
You hit the ice beast but do no damage.
The ice beast is heavily wounded.
The ice beast hits you. The ice beast freezes you!
You die...

#. ## .#..##.
.......##
.......@#
.##..##Y.......
# .####...$ #(
## .. .(( .##
#(


You could see an ice beast.

Vanquished Creatures
  A bullfrog (D:2)
  4 adders
  An ooze (D:1)
  2 worms (D:2)
  2 leopard geckos
  2 giant cockroaches (D:2)
  7 goblins
  7 hobgoblins
  2 quokkas (D:2)
  2 ball pythons
  5 bats
  4 frilled lizards
  3 kobolds (D:2)
  5 rats
47 creatures vanquished.

Notes
Turn   | Place    | Note
-------+----------+-------------------------------------------
     0 | D:1      | mortelune the Kobold Hunter began the quest for the Orb.
     0 | D:1      | Reached XP level 1. HP: 12/12 MP: 1/1
   203 | D:1      | Reached skill level 5 in Crossbows
   209 | D:1      | Reached XP level 2. HP: 18/18 MP: 2/2
   637 | D:2      | Reached XP level 3. HP: 15/22 MP: 3/3
   783 | D:2      | Noticed a bullfrog
   789 | D:2      | Killed a bullfrog
   789 | D:2      | Reached skill level 1 in Unarmed Combat
   789 | D:2      | Reached XP level 4. HP: 28/28 MP: 4/4
   836 | D:2      | Reached XP level 5. HP: 30/32 MP: 5/5
  1098 | D:2      | Reached skill level 6 in Crossbows
  1101 | D:2      | Found a faded altar of an unknown god.
  1937 | D:3      | You fall into a shaft and drop 2 floors!
  1937 | D:5      | Entered Level 5 of the Dungeon
  1938 | D:5      | Noticed an ice beast
  1950 | D:5      | Slain by an ice beast

Levels and vault maps discovered:
D:1:      onia_arrival_pentagram, layout_basic
D:2:      layout_loops_ring, chequers_ecumenical_altar_simple, first_ration
D:3:      layout_basic, minmay_misc_feat_x, xom_redecorated
D:5:      layout_rooms, minmay_temple_entry_statues_pillars,
          chequers_serial_rivers_micro_a

Skill      XL: |  1  2  3  4  5 |
---------------+----------------+-----
Crossbows      | 5 6 |  6.2
Fighting       | 3 |  3.3
Dodging        | 3 |  3.5
Unarmed Combat | 1 |  1.9
Stealth        | |  1.3

Action                   |  1- 3 |  4- 6 || total
-------------------------+-------+-------++-------
Melee: Short sword       |    52 |    56 ||   108
 Fire: Hand crossbow     |    11 |    45 ||    56
  Use: Potion            |       |     1 ||     1
 Stab: Sleeping          |       |     1 ||     1
  Eat: Chunk             |     4 |     4 ||     8
Armor: Leather armour    |     6 |    19 ||    25
Dodge: Dodged            |    52 |   118 ||   170

Table legend:
 A = Non-vault XP
 B = Vault XP
 C = Vault XP percentage of total XP
 D = Non-vault monster count
 E = Vault monster count
 F = Vault count percentage of total count
                 A         B        C        D         E       F
            +---------+---------+-------+---------+---------+-------
      Total |     227 |       0 |   0.0 |      47 |       0 |   0.0
            +---------+---------+-------+---------+---------+-------
        D:1 |      29 |       0 |   0.0 |      16 |       0 |   0.0
        D:2 |     185 |       0 |   0.0 |      30 |       0 |   0.0
        D:3 |      13 |       0 |   0.0 |       1 |       0 |   0.0
            +---------+---------+-------+---------+---------+-------
